 Dungeon Crawl Stone Soup version 0.27-a0-1081-ge8a0a9c698 (webtiles) character file.

Game seed: 3218743495223110154

1815 HoaS the Cruncher (level 9, -7/48 HPs)
             Began as a Gargoyle Gladiator on Apr 25, 2021.
             Was a Believer of Okawaru.
             Mangled by Duvessa
             ... wielding a +4 short sword of holy wrath
              (9 damage)
             ... on level 5 of the Dungeon.
             The game lasted 00:11:36 (7008 turns).

HoaS the Cruncher (Gargoyle Gladiator)              Turns: 7008, Time: 00:11:37

Health: -7/48      AC: 17    Str: 22    XL:     9   Next: 10%
Magic:  0/11       EV:  6    Int:  8    God:    Okawaru [**....]
Gold:   158        SH:  0    Dex: 11    Spells: 8/8 levels left

rFire    + . .     SeeInvis .   a - +0 quarterstaff
rCold    . . .     Faith    .   (shield currently unavailable)
rNeg     + . .     Spirit   +   f - +0 plate armour
rPois    ∞         Reflect  .   c - +0 helmet
rElec    +         Harm     .   (no cloak)
rCorr    .         Rampage  .   (no gloves)
Will     .....                  (no boots)
Stlth    ..........             q - amulet of guardian spirit
HPRegen  0.16/turn              e - ring of protection from fire
MPRegen  0.12/turn              (no ring)

@: no status effects
A: AC +6, negative energy resistance 1, electricity resistance, torment
resistance 1, unbreathing 1, petrification resistance
a: Renounce Religion, Heroism


You were on level 5 of the Dungeon.
You worshipped Okawaru.
Okawaru was pleased with you.
You visited 2 branches of the dungeon, and saw 7 of its levels.
You also visited: Sewer.

You collected 158 gold pieces.

Inventory:

Hand Weapons
 a - a +0 quarterstaff (weapon)
Missiles
 g - 17 bolts
 h - 55 arrows
 o - 5 poisoned darts (quivered)
Armour
 c - a +0 helmet (worn)
 f - a +0 plate armour (worn)
Jewellery
 e - a ring of protection from fire (left hand)
 q - an amulet of guardian spirit (around neck)
Scrolls
 d - 2 scrolls of teleportation
 i - a scroll of summoning
 p - a scroll of torment
Potions
 b - 4 potions of curing
 j - a potion of mutation
 k - a potion of cancellation
 l - 3 potions of haste {unknown}
 m - a potion of lignification {unknown}
 n - a potion of might {unknown}


   Skills:
 - Level 2.1 Fighting
 * Level 11.3 Staves
 - Level 1.7 Throwing
 - Level 2.4 Dodging
 - Level 3.0 Invocations


You had 8 spell levels left.
You didn't know any spells.
Your spell library contained the following spells:

 Spells                   Type           Power      Damage    Failure   Level
 Shock                    Conj/Air       0%         1d3       100%        1
 Searing Ray              Conj           0%         3d3       100%        2
 Wereblood                Tmut           0%         N/A       100%        2
 Ice Form                 Ice/Tmut       0%         N/A       100%        4
 Hydra Form               Tmut           0%         N/A       100%        5
 Conjure Ball Lightning   Conj/Air       0%         3x3d6     100%        6


Dungeon Overview and Level Annotations

Branches:
Dungeon (6/15)             Temple (1/1) D:4           Sewer (visited)

Altars:
Ashenzari
Cheibriados
Dithmenos
Elyvilon
Gozag
Hepliaklqana
Kikubaaqudgha
Makhleb
Nemelex Xobeh
Okawaru
Qazlal
Ru
Sif Muna
Trog
Uskayaw
Vehumet
Wu Jian
Xom
Yredelemnul
Zin
The Shining One

Annotations:
D:5 Duvessa
D:6 3 runed translucent doors, nht's ghost, amateur DsEE


Innate Abilities, Weirdness & Mutations

Your stone body is resilient. (AC +6)
You are immune to poison.
You resist negative energy. (rN+)
You are resistant to electric shocks. (rElec)
You are resistant to unholy torment.
You can survive without breathing.
You are immune to petrification.


Message History

Duvessa hits you with a +4 short sword of holy wrath.
You hear a zap.
Some rock shatters into small pieces.
Duvessa hits you but does no damage.
You climb upwards.
There is a stone staircase leading down here.
You hit Duvessa.
Duvessa is lightly wounded.
Duvessa hits you but does no damage.
Your plate armour prevents you from hitting Duvessa.
Duvessa is lightly wounded.
Duvessa hits you with a +4 short sword of holy wrath!
Your plate armour prevents you from hitting Duvessa.
Duvessa is lightly wounded.
Duvessa hits you but does no damage.
Your plate armour prevents you from hitting Duvessa.
Duvessa is lightly wounded.
Duvessa hits you with a +4 short sword of holy wrath.
You hit Duvessa but do no damage.
Duvessa is lightly wounded.
Duvessa hits you but does no damage.
You hit Duvessa.
Duvessa is moderately wounded.
Duvessa hits you with a +4 short sword of holy wrath!
You thump Duvessa!
Duvessa is heavily wounded.
Duvessa hits you with a +4 short sword of holy wrath!
You hit Duvessa.
Duvessa is heavily wounded.
Duvessa hits you with a +4 short sword of holy wrath.
Duvessa hits you with a +4 short sword of holy wrath!
* * * LOW HITPOINT WARNING * * *
You hit Duvessa but do no damage.
Duvessa is heavily wounded.
Duvessa hits you with a +4 short sword of holy wrath!
* * * LOW HITPOINT WARNING * * *
You hit Duvessa but do no damage.
Duvessa is heavily wounded.
Duvessa looks more healthy.
Duvessa hits you with a +4 short sword of holy wrath!
You die...

......'.......#......##...#
......#.......#......######
......##.....##.......#
..##..##.....##..##..##
.>##...+.....##..#####
.......#.....'....#
....).######'##...#
..##..##.....##e.##
..##.........##.@#
...+.....>...#####
...#..........#
...#..........#
...#..........#
###############


You could see Duvessa (berserk).

Vanquished Creatures
  2 water moccasins
  Purgy (Sewer)
  An ice beast (D:6)
  2 black bears
  A sky beast (D:2)
  3 ogres
  A gnoll sergeant (D:3)
  A scorpion (D:4)
  A bullfrog (D:6)
  Dowan (D:6)
  2 bullfrog zombies (D:5)
  3 orc priests
  A jelly (D:5)
  2 bullfrog skeletons (D:5)
  A centaur skeleton (D:6)
  2 iguanas (D:5)
  3 orc wizards
  3 hound skeletons (D:4)
  Robin (D:2)
  6 adders
  3 gnolls
  3 white imps
  2 ufetubi (D:5)
  4 worms
  5 orcs
  8 endoplasms
  4 giant cockroaches
  15 goblins
  8 hobgoblins
  6 jackals
  4 quokkas
  10 ball pythons
  8 bats
  8 frilled lizards
  5 kobolds
  3 rats (D:2)
134 creatures vanquished.

Notes
Turn   | Place    | Note
-------+----------+-------------------------------------------
     0 | D:1      | HoaS the Gargoyle Gladiator began the quest for the Orb.
     0 | D:1      | Reached XP level 1. HP: 12/12 MP: 1/1
    80 | D:1      | Reached XP level 2. HP: 11/17 MP: 2/2
  1000 | D:1      | Reached skill level 4 in Staves
  1015 | D:1      | Reached XP level 3. HP: 18/21 MP: 3/3
  1379 | D:2      | Noticed Robin
  1635 | D:2      | Killed Robin
  1636 | D:2      | Reached XP level 4. HP: 25/26 MP: 4/4
  1782 | D:2      | Reached skill level 5 in Staves
  2287 | D:2      | Noticed a sky beast
  2298 | D:2      | Killed a sky beast
  2299 | D:2      | Reached skill level 6 in Staves
  2299 | D:2      | Reached XP level 5. HP: 30/30 MP: 5/5
  3072 | D:2      | Reached XP level 6. HP: 33/35 MP: 6/6
  3270 | D:3      | Reached skill level 7 in Staves
  4630 | D:4      | Found a staircase to the Ecumenical Temple.
  4659 | D:4      | Reached XP level 7. HP: 25/40 MP: 7/7
  4892 | Temple   | Entered the Ecumenical Temple
  4963 | Temple   | Became a worshipper of Warmaster Okawaru
  5045 | D:3      | Reached skill level 8 in Staves
  5240 | D:4      | Reached skill level 1 in Invocations
  5697 | D:5      | Entered Level 5 of the Dungeon
  5720 | D:5      | Reached * piety under Okawaru
  5721 | D:5      | Reached XP level 8. HP: 44/44 MP: 9/9
  5864 | D:5      | Reached skill level 9 in Staves
  6473 | D:6      | Reached skill level 10 in Staves
  6494 | D:6      | Identified Neim's Reference Book on Harmful Moulding
  6530 | D:6      | Reached ** piety under Okawaru
  6555 | D:6      | Found a runed translucent gate.
  6556 | D:6      | Found a runed translucent gate.
  6557 | D:6      | Found a runed translucent gate.
  6558 | D:6      | Noticed nht's ghost (amateur DsEE)
  6578 | D:6      | Found a glowing drain.
  6642 | Sewer    | Entered a sewer
  6652 | Sewer    | Reached skill level 11 in Staves
  6652 | Sewer    | Reached XP level 9. HP: 47/48 MP: 9/11
  6683 | Sewer    | Noticed Purgy
  6714 | Sewer    | Killed Purgy
  6876 | D:6      | Noticed Dowan
  6963 | D:6      | Killed Dowan
  6991 | D:6      | Noticed Duvessa
  7007 | D:5      | HP: 2/48 [Duvessa/+4 short sword of holy wrath (7)]
  7008 | D:5      | Mangled by Duvessa

Illustrated notes

Levels and vault maps discovered:
D:1:      dpeg_arrival_ternary, layout_basic
D:2:      layout_loops_corners, minmay_misc_feat_plants, uniq_robin
D:3:      layout_basic
D:4:      layout_rooms, minmay_temple_entry_waves,
          chequers_serial_rivers_small_3
D:5:      layout_gridville
D:6:      layout_basic, portal_sewer_entry_f, ebering_ghost_rock_garden,
          kennysheep_flooded_box, st_stairs_7, uniq_duvessa
Temple:   grunt_wide_crystal_templ

Skill      XL: |  1  2  3  4  5  6  7  8 |
---------------+-------------------------+-----
Staves         | 4 6 7 8 11 | 11.3
Invocations    | 2 3 |  3.0
Fighting       | |  2.1
Throwing       | |  1.7
Dodging        | |  2.4

Action                   |  1- 3 |  4- 6 |  7- 9 || total
-------------------------+-------+-------+-------++-------
Melee: Quarterstaff      |   129 |   172 |   305 ||   606
Throw: Throwing net      |       |     2 |     3 ||     5
       Dart              |       |       |     4 ||     4
  Use: Scroll            |     2 |     3 |     3 ||     8
 Stab: Held in net/web   |       |     1 |     1 ||     2
Armor: Leather armour    |    15 |       |       ||    15
       Plate armour      |    92 |   145 |   210 ||   447
Dodge: Dodged            |    76 |    64 |    91 ||   231

Table legend: (Time is in decaauts)
 A = Elapsed time spent in this place.
 B = Non-inter-level travel time spent in this place.
 C = Inter-level travel time spent in this place.
 D = Time resting spent in this place.
 E = Time spent auto-exploring this place.
 F = Levels seen in this place.
 G = Mean time per level.
                   A        B        C        D        E       F      G
               +--------+--------+--------+--------+--------+-----+--------+
         Total |   7030 |   6635 |    395 |   2351 |   2971 |   8 |  878.8 |
       Dungeon |   6701 |   6326 |    375 |   2337 |   2789 |   6 | 1116.8 |
        Temple |     76 |     56 |     20 |      0 |     55 |   1 |   76.0 |
         Sewer |    252 |    252 |      0 |     14 |    127 |   1 |  252.0 |
               +--------+--------+--------+--------+--------+-----+--------+

Top non-repeatable levels by time:
     D:3: 1717 daAuts
     D:2: 1545 daAuts
     D:1: 1483 daAuts
     D:4: 907 daAuts
     D:5: 793 daAuts
     D:6: 255 daAuts
   Sewer: 252 daAuts
  Temple: 76 daAuts
